 Dungeon Crawl Stone Soup version 0.32-a0-306-gfed3edf829 (webtiles) character file.

Game seed: 18326025038670622190

2461 Highcell the Slasher (level 9, -1/47 HPs)
             Began as a Vine Stalker Fighter on Feb 15, 2024.
             Was an Initiate of the Shining One (penitent).
             Shot with a sling bullet by Joseph (12 damage)
             ... on level 7 of the Dungeon.
             The game lasted 00:21:36 (5776 turns).

Highcell the Slasher (Vine Stalker Fighter)         Turns: 5776, Time: 00:21:38

Health: -1/47      AC: 15    Str: 21    XL:     9   Next: 50%
Magic:  0/10       EV:  6    Int: 10    God:    the Shining One [......]
Gold:   280        SH:  5    Dex: 14    Spells: 8/8 levels left

rFire   . . .        E - +4 trident (drain)
rCold   . . .        c - +0 buckler
rNeg    . . .        m - +3 plate armour
rPois   .            (no helmet)
rElec   .            (no cloak)
rCorr   .            (no gloves)
SInv    .            (no boots)
Will    +....        (no amulet) Stlth
                     (no ring)
HPRegen 1.07/turn    (no ring)
MPRegen 0.12/turn

%: guardian spirit
@: no status effects
A: fangs 3, regeneration 1, magic shield, antimagic bite, no potion heal 2
a: Renounce Religion


You were on level 7 of the Dungeon.
You worshipped the Shining One.
The Shining One was demanding penance.
You visited 1 branch of the dungeon, and saw 7 of its levels.

You collected 280 gold pieces.

Inventory:

Hand Weapons
 a - a +0 long sword
 E - a +4 trident of draining (weapon)
 H - a +3 quarterstaff of chaos
 I - a +0 hammer
Armour
 b - a +0 scale mail
 c - a +0 buckler (worn)
 m - a +3 plate armour (worn)
 F - an orb of guile
Jewellery
 g - a ring of willpower
 r - an amulet of the acrobat
 v - the amulet of Elemental Vulnerability {rPois rF-- rC-- AC+8}
   (You found it on level 3 of the Dungeon)

   [amulet of nothing]

   AC+8:      It affects your AC (+8).
   rF--:      It makes you very vulnerable to fire.
   rC--:      It makes you very vulnerable to cold.
   rPois:     It protects you from poison
 x - a +6 ring of strength
Wands
 y - a wand of charming (14)
 G - a wand of polymorph (9)
Scrolls
 e - a scroll of noise {unknown}
 f - 2 scrolls of vulnerability {unknown}
 i - a scroll of summoning {unknown}
 j - 6 scrolls of identify {unknown}
 l - 3 scrolls of revelation {unknown}
 o - 2 scrolls of teleportation {unknown}
 p - a scroll of poison {unknown}
 q - a scroll of acquirement {unknown}
 u - a scroll of fog {unknown}
 w - 2 scrolls of amnesia {unknown}
 D - a scroll of enchant armour {unknown}
Potions
 d - a potion of might
 h - 2 potions of brilliance {unknown}
 k - 2 potions of haste {unknown}
 n - a potion of invisibility {unknown}
 s - a potion of lignification {unknown}
 t - 2 potions of attraction {unknown}
 z - a potion of mutation {unknown}
 A - 3 potions of curing {unknown}
 B - a potion of degeneration {unknown}
 C - a potion of resistance {unknown}


   Skills:
 + Level 5.4 Fighting
 + Level 7.9 Long Blades
 + Level 0.3 Polearms
 + Level 5.3 Armour
 + Level 1.2 Dodging
 + Level 1.6 Stealth
 + Level 4.7 Shields
 + Level 0.8 Unarmed Combat


You had 8 spell levels left.
You didn't know any spells.
Your spell library contained the following spells:

 Spells                   Type           Power      Damage    Failure   Level
 Blink                    Tloc           0%         N/A       100%        2
 Call Imp                 Summ           0%         N/A       100%        2
 Lesser Beckoning         Tloc           0%         N/A       100%        2
 Momentum Strike          Conj/Tloc      0%         3d8       100%        2
 Sublimation of Blood     Necr           0%         N/A       100%        2
 Gell's Gravitas          Tloc           0%         N/A       100%        3
 Teleport Other           Tloc           0%         N/A       100%        3
 Dispersal                Tloc           0%         N/A       100%        6
 Summon Hydra             Summ           0%         N/A       100%        7


Dungeon Overview and Level Annotations

Branches:
Dungeon (7/15)             Temple (0/1) D:6

Altars:
Elyvilon
Fedhas
Qazlal
Trog
The Shining One

Shops:
D:2 [   D:3 *?*:

Annotations:
D:7 Joseph


Innate Abilities, Weirdness & Mutations

You have razor-sharp teeth.
Your natural rate of healing is unusually fast.
When hurt, damage is shared between your health and your magic reserves.
Your bite disrupts and absorbs the magic of your enemies.
Potions cannot restore your health.


Message History

You open the door.
An orc warrior comes into view. It is wielding a +0 scimitar.
The orc warrior shouts!
There is an open door here.
You feel guilty. "You will pay for your transgression, mortal!"
You hit the orc warrior. Your bite misses the orc warrior.
The orc warrior is lightly wounded.
Joseph, a Mercenary comes into view.
He is wielding a +0 quarterstaff.
The orc warrior hits you with a +0 scimitar!
You block the orc warrior's attack.
Joseph unwields a +0 quarterstaff.
Joseph wields a +0 sling.
Joseph shoots a sling bullet.
The sling bullet hits you!
You barely miss the orc warrior.
The orc warrior hits you but does no damage.
Joseph shoots a sling bullet.
The sling bullet barely misses you.
You closely miss the orc warrior.
You bite the orc warrior, but do no damage.
You block the orc warrior's attack.
Joseph shoots a sling bullet.
The sling bullet hits you!
You feel guilty. "You will pay for your transgression, mortal!"
You hit the orc warrior but do no damage.
You drain the orc warrior.
You bite the orc warrior, but do no damage.
The orc warrior is lightly wounded.
The orc warrior hits you with a +0 scimitar!
Joseph shoots a sling bullet.
The sling bullet closely misses you.
The orc warrior hits you with a +0 scimitar.
Joseph shoots a sling bullet.
The sling bullet hits you!
* * * LOW HITPOINT WARNING * * *
Joseph shoots a sling bullet.
You block the sling bullet.
You feel guilty. "You will pay for your transgression, mortal!"
You hit the orc warrior but do no damage.
You bite the orc warrior. You drain its power.
You feel invigorated.
The orc warrior is lightly wounded.
The orc warrior hits you but does no damage.
Joseph shoots a sling bullet.
The sling bullet hits you!
You die...

#.##..## #..#...#
#.#....# #.##.###
..##.## ..#...# #+#
#.#...## +### #..##
.....##.## ##..##....#
.....###.##
#...@o....#
......#...#
#....##..##
......#...# ##..######
>........## #'###....
...#.....# #@#......
...#.....#####......#
..##.......##.......#
.###.......##......#..
## ##..............#


You could see Joseph and an orc warrior (drained).

Vanquished Creatures
  Pikel (D:5)
  Jeremiah (D:6)
  The ghost of TheLasagnaBaron the Geomancer, a novice GrEE (D:4)
  Prince Ribbit (D:6)
  An orc warrior (D:7)
  An ice beast (D:6)
  2 ogres
  A centaur (D:5)
  A lemure (D:5)
  A phantom (D:5)
  A bullfrog (D:6)
  2 scorpions
  2 jellies (D:5)
  2 hounds
  An orc priest (D:7)
  A bombardier beetle (D:4)
  Crazy Yiuf (D:6)
  A sleepcap (D:5)
  4 iguanas
  2 orc wizards
  A mummy (D:5)
  4 adders
  2 ufetubi (D:6)
  2 dart slugs
  3 ribbon worms
  17 orcs
  7 endoplasms
  8 goblins
  4 hobgoblins
  7 jackals (D:1)
  A quokka (D:4)
  6 ball pythons
  10 bats
  A frilled lizard (D:3)
  A goblin zombie (D:5)
  A hobgoblin zombie (D:5)
  3 kobolds
  6 rats
112 creatures vanquished.

Notes
Turn   | Place    | Note
-------+----------+-------------------------------------------
     0 | D:1      | Highcell the Vine Stalker Fighter began the quest for the
                  | Orb.
     0 | D:1      | Reached XP level 1. HP: 11/11 MP: 2/2
   237 | D:1      | Reached XP level 2. HP: 16/16 MP: 3/3
   394 | D:1      | Reached XP level 3. HP: 19/20 MP: 4/4
   449 | D:1      | Reached skill level 2 in Long Blades
   626 | D:1      | Found a faded altar of an unknown god.
   919 | D:2      | Found a glowing golden altar of the Shining One.
   933 | D:2      | Became a worshipper of the Shining One
  1165 | D:2      | Reached XP level 4. HP: 24/24 MP: 5/5
  1265 | D:2      | Found Xicoarix's Armour Boutique.
  2005 | D:3      | Found Eneo's Book Shoppe.
  2057 | D:3      | Found a stormy altar of Qazlal.
  2060 | D:3      | Found a bloodstained altar of Trog.
  2062 | D:3      | Found a white marble altar of Elyvilon.
  2062 | D:3      | Found a blossoming altar of Fedhas.
  2075 | D:3      | Found Xushroh's General Store.
  2302 | D:3      | Found the amulet of Elemental Vulnerability {rPois rF--
                  | rC-- AC+8}
  2319 | D:3      | Reached skill level 3 in Long Blades
  2319 | D:3      | Reached XP level 5. HP: 28/28 MP: 6/6
  2409 | D:3      | Found Kiuciquf's Magic Scroll Shop.
  2416 | D:3      | Found Xiliah's General Store.
  2428 | D:3      | You fall into a shaft and drop 1 floor!
  2887 | D:4      | Found a runed translucent gate.
  2888 | D:4      | Found a runed translucent gate.
  2888 | D:4      | Found a runed translucent gate.
  2980 | D:4      | Noticed TheLasagnaBaron's ghost (novice GrEE)
  3158 | D:4      | Killed TheLasagnaBaron's ghost
  3159 | D:4      | Reached skill level 4 in Long Blades
  3159 | D:4      | Reached XP level 6. HP: 8/33 MP: 2/7
  3159 | D:4      | Reached XP level 7. HP: 9/37 MP: 2/8
  3380 | D:5      | Entered Level 5 of the Dungeon
  3538 | D:5      | Reached skill level 5 in Long Blades
  3766 | D:5      | Gained mutation: You have razor-sharp teeth. [Vine Stalker
                  | growth]
  3766 | D:5      | Reached XP level 8. HP: 36/42 MP: 7/9
  3855 | D:5      | Found a sand-covered staircase.
  3858 | D:5      | Reached skill level 1 in Dodging
  4033 | D:5      | Noticed Pikel
  4046 | D:5      | Killed Pikel
  4047 | D:5      | Reached skill level 6 in Long Blades
  4047 | D:5      | Reached skill level 1 in Stealth
  4463 | D:6      | Found a staircase to the Ecumenical Temple.
  4631 | D:6      | Reached * piety under the Shining One
  4680 | D:6      | Reached skill level 5 in Fighting
  4725 | D:6      | Noticed Prince Ribbit
  4729 | D:6      | Reached skill level 7 in Long Blades
  4745 | D:6      | Killed Prince Ribbit
  4746 | D:6      | Reached XP level 9. HP: 26/47 MP: 7/10
  4837 | D:6      | Noticed Jeremiah
  4873 | D:6      | HP: 1/27 [Jeremiah/+4 trident of draining (1)]
  4875 | D:6      | Killed Jeremiah
  4876 | D:6      | Reached skill level 5 in Armour
  4962 | D:6      | Found a runed translucent door.
  4963 | D:6      | Noticed Crazy Yiuf
  5414 | D:6      | Killed Crazy Yiuf
  5663 | D:7      | Was placed under penance by the Shining One
  5771 | D:7      | Noticed Joseph
  5776 | D:7      | Shot with a sling bullet by Joseph

Illustrated notes

Levels and vault maps discovered:
D:1:      lightli_arrival_flooded_house, layout_loops_cross,
          hellmonk_ecumenical_altar_arch_garden
D:2:      mumra_celtic_spiral_tile, layout_basic, basic_altar, serial_shops,
          shop, minmay_tiny_reverse_x
D:3:      layout_loops_ring, grunt_temple_overflow_open, serial_shops,
          nicolae_shop_trees, shop, nicolae_shop_competitors_out_of_business,
          shop
D:4:      layout_basic, ebering_ghost_rock_garden
D:5:      layout_loops_corners, nicolae_ossuary_entry_giza, uniq_pikel
D:6:      layout_basic, minmay_temple_entry_statues_pillars, nicolae_the_louvre,
          uniq_prince_ribbit1, uniq_crazy_yiuf_cottage, uniq_jeremiah
D:7:      minmay_bubble_buster, layout_cave_pools,
          nicolae_uskayaw_murder_on_the_dancefloor,
          lemuel_coloured_pillars_altar, uniq_joseph

Skill      XL: |  1  2  3  4  5  6  7  8  9 |
---------------+----------------------------+-----
Fighting       | 3 4 5 |  5.4
Long Blades    | 2 3 4 5 7 |  7.9
Armour         | 3 4 5 |  5.3
Shields        | 3 4 |  4.7
Dodging        | 1 |  1.2
Stealth        | 1 |  1.6
Polearms       | |  0.3
Unarmed Combat | |  0.8

Action                     |  1- 3 |  4- 6 |  7- 9 || total
---------------------------+-------+-------+-------++-------
  Melee: Long sword        |   121 |   111 |   149 ||   381
         Bite              |    38 |    32 |    70 ||   140
         Trident           |       |       |    22 ||    22
         Unarmed           |       |       |     4 ||     4
 Armour: Scale mail        |    76 |       |       ||    76
         Plate armour      |    24 |    78 |   145 ||   247
         Skin              |       |       |     2 ||     2
  Dodge: Dodged            |    74 |    20 |    43 ||   137
  Block: Buckler           |    21 |    22 |    29 ||    72

Table legend: (Time is in decaauts)
 A = Elapsed time spent in this place.
 B = Non-inter-level travel time spent in this place.
 C = Inter-level travel time spent in this place.
 D = Time resting spent in this place.
 E = Time spent auto-exploring this place.
 F = Levels seen in this place.
 G = Mean time per level.
                   A        B        C        D        E       F      G
               +--------+--------+--------+--------+--------+-----+--------+
         Total |   5867 |   5762 |    105 |     64 |   3989 |   7 |  838.1 |
       Dungeon |   5867 |   5762 |    105 |     64 |   3989 |   7 |  838.1 |
               +--------+--------+--------+--------+--------+-----+--------+

Top non-repeatable levels by time:
     D:6: 1146 daAuts
     D:2: 1111 daAuts
     D:5: 1084 daAuts
     D:4: 960 daAuts
     D:1: 935 daAuts
     D:3: 452 daAuts
     D:7: 176 daAuts
